Map: Terraform LE (Void)

Players

FigHteR - Winner!

  • Race: Terran Terran
  • League: Silver

dyzerio

  • Race: Protoss Protoss
  • League: Silver

VOD

Have the link to the VOD?

Description

Time

  • Played on: July 25, 2015, 2:07 p.m.
  • Length: 8:21
Show
View Real Time Build Order
Export as new Build Order

FigHteR Terran - Winner!

Build Orders: Reaper Expand, MMM Bio 

Get SALT Encoding   

  12  0:00  SCV  
  13  0:13  SCV  
  14  0:23  Supply Depot  
  14  0:25  SCV  
  15  0:45  SCV  
  15  0:46  Barracks  
  15  0:49  Refinery  
  16  0:57  SCV  
  17  1:09  SCV  
  18  1:21  SCV  
  19  1:33  Orbital Command  
  19  1:35  Reaper  
  19  1:36  Supply Depot  
  20  1:55  Command Center  
  20  2:02  SCV  
  21  2:14  SCV  
  21  2:15  Barracks Reactor, Barracks  
  22  2:24  Bunker  
  22  2:26  SCV  
  23  2:38  SCV  
  24  2:54  Marine x2  
  24  2:57  SCV  
  27  3:03  Barracks  
  28  3:08  Barracks, Orbital Command  
  28  3:12  SCV  
  29  3:13  Marine x2  
  29  3:15  Barracks Tech Lab  
  29  3:19  Supply Depot  
  30  3:24  SCV  
  31  3:30  Orbital Command  
  31  3:36  SCV  
  31  3:40  Marine  
  31  3:41  Marine  
  34  3:42  Stimpack  
  34  3:44  Refinery  
  34  3:48  SCV  
  34  3:52  Factory  
  34  3:56  SCV  
  34  3:57  Marine x2  
  34  3:58  Marine  
  34  4:00  SCV  
  39  4:08  SCV  
  40  4:12  SCV, Marine x2  
  40  4:14  Bunker  
  45  4:20  SCV  
  45  4:21  Supply Depot  
  45  4:23  Barracks Tech Lab  
  46  4:24  SCV  
  46  4:25  Marauder  
  46  4:28  Barracks Tech Lab  
  47  4:33  SCV, Engineering Bay, Marine x2  
  47  4:36  SCV  
  51  4:42  Marauder  
  51  4:45  SCV  
  54  4:46  Supply Depot  
  54  4:48  SCV  
  54  4:49  Marauder  
  57  4:54  Factory Reactor  
  57  4:55  Starport  
  57  4:57  SCV  
  57  4:59  Marine x2  
  60  5:00  SCV  
  61  5:09  SCV  
  61  5:11  Marauder x3  
  61  5:13  SCV  
  69  5:17  Terran Infantry Weapons Level 1  
  69  5:19  Supply Depot  
  69  5:21  SCV  
  70  5:23  Supply Depot  
  70  5:28  Supply Depot  
  70  5:31  Supply Depot  
  70  5:37  Refinery  
  70  5:39  Factory Tech Lab, Refinery  
  70  5:40  SCV x2, Marine  
  73  5:43  Medivac  
  73  5:47  Medivac  
  73  5:49  Supply Depot  
  77  5:52  SCV  
  77  5:54  Missile Turret  
  78  5:58  Missile Turret  
  78  6:00  Marine x2  
  78  6:01  Marauder, Marine  
  78  6:02  Missile Turret  
  83  6:06  SCV x2  
  83  6:08  Marauder  
  87  6:13  Supply Depot  
  87  6:15  Siege Tank  
  90  6:22  Medivac  
  90  6:24  SCV x2  
  94  6:31  Medivac  
  96  6:35  Marine x3  
  96  6:36  Marauder  
  96  6:37  SCV x2  
  103  6:42  Combat Shields  
  103  6:47  Concussive Shells  
  103  6:48  Marine  
  103  6:53  Marine x2  
  106  6:56  Command Center  
  106  6:58  Marine x2  
  101  7:02  Siege Tank  
  101  7:07  Marauder  
  101  7:11  Marine  
  102  7:20  Supply Depot, Marine x3  
  102  7:21  Supply Depot  
  105  7:27  Medivac  
  105  7:28  Marine x2  
  109  7:34  SCV x2  
  111  7:38  Marine  
  111  7:39  Command Center, Supply Depot  
  111  7:41  Siege Tank  
  115  7:45  Medivac  
  115  7:47  Marine x2  
  119  8:00  Marine  
  119  8:01  SCV  
  119  8:02  SCV  
Show
View Real Time Build Order
Export as new Build Order

dyzerio Protoss 

Build Orders: Double Forge 

Get SALT Encoding   

  12  0:01  Probe  
  13  0:14  Pylon  
  13  0:18  Probe  
  14  0:32  Probe (Chrono Boost)  
  16  0:43  Probe (Chrono Boost)  
  16  0:44  Pylon  
  16  0:49  Probe  
  17  0:52  Gateway  
  17  0:58  Assimilator  
  17  1:01  Probe (Chrono Boost)  
  18  1:07  Assimilator  
  18  1:13  Probe (Chrono Boost)  
  19  1:23  Probe  
  20  1:35  Probe  
  21  1:45  Cybernetics Core  
  21  1:47  Probe  
  21  1:51  Zealot  
  24  2:09  Pylon  
  24  2:16  Nexus  
  24  2:23  Warp Gate (Chrono Boost)  
  24  2:29  Gateway  
  24  2:41  Mothership Core  
  26  2:47  Adept  
  28  3:28  Probe  
  27  3:34  Probe  
  27  3:40  Probe  
  29  3:47  Probe (Chrono Boost)  
  30  3:52  Probe (Chrono Boost)  
  31  3:59  Probe (Chrono Boost)  
  33  4:03  Probe (Chrono Boost), Gateway  
  33  4:05  Gateway  
  33  4:07  Gateway  
  34  4:10  Pylon  
  34  4:12  Gateway x2, Probe (Chrono Boost)  
  34  4:13  Probe (Chrono Boost)  
  35  4:24  Probe (Chrono Boost)  
  37  4:32  Probe (Chrono Boost)  
  37  4:38  Probe  
  38  4:50  Probe  
  38  4:51  Forge  
  38  4:52  Forge  
  39  4:53  Pylon  
  39  5:03  Probe  
  40  5:11  Adept x4  
  40  5:12  Adept  
  48  5:21  Pylon  
  48  5:26  Assimilator  
  48  5:27  Protoss Ground Weapons Level 1 (Chrono Boost), Protoss Ground Armor Level 1 (Chrono Boost)  
  48  5:29  Assimilator  
  48  5:32  Pylon  
  48  5:35  Pylon  
  48  5:41  Zealot  
  48  5:42  Zealot x2  
  54  5:43  Twilight Council  
  54  5:44  Zealot  
  56  6:06  Nexus  
  56  6:21  Robotics Facility  
  55  6:29  Adept x4  
  55  6:30  Adept x2  
  47  7:06  Zealot x6  
  47  7:07  Zealot  
  51  7:16  Probe (Chrono Boost)  
  52  7:27  Probe (Chrono Boost)  
  52  7:28  Warp Prism  
  53  7:31  Pylon  
  53  7:33  Pylon  
  55  7:43  Probe (Chrono Boost)  
  56  7:53  Probe (Chrono Boost)  
  56  7:57  Stalker x2  
  56  7:58  Stalker  
  51  8:00  Probe  
  43  8:13  Zealot x3  
  43  8:14  Zealot  
Tags
 
Add a new tag
Caveats
  • Supply blocks, unpowered buildings, or Contaminate may cause inaccurate times.
  • Supply counts are checked every 10 seconds.